 Dungeon Crawl Stone Soup version 0.27-a0-1119-gbf574a6a6b (webtiles) character file.

Game seed: 7099927813864341438

16 Zeld the Shield-Bearer (level 2, -7/21 HPs)
             Began as an Octopode Fighter on May 2, 2021.
             Killed by divine providence
             ... invoked by an orc priest
              (14 damage)
             ... on level 4 of the Dungeon.
             The game lasted 00:00:42 (440 turns).

Zeld the Shield-Bearer (Octopode Fighter)            Turns: 440, Time: 00:00:42

Health: -7/21      AC:  1    Str: 15    XL:     2   Next: 58%
Magic:  2/2        EV: 11    Int: 10    God:
Gold:   15         SH:  8    Dex: 11    Spells: 1/1 levels left

rFire    . . .     SeeInvis .   a - +0 war axe
rCold    . . .     Faith    .   b - +0 kite shield
rNeg     . . .     Spirit   .   (helmet restricted)
rPois    .         Reflect  .   (no amulet)
rElec    .         Harm     .   (no ring)
rCorr    .         Rampage  .   (no ring)
Will     .....                  (no ring)
Stlth    ++........             (no ring)
HPRegen  0.07/turn              (no ring)
MPRegen  0.08/turn              (no ring)
                                (no ring)
                                (no ring)

@: no status effects
A: almost no armour, amphibious, 8 rings, camouflage 1, gelatinous body 1,
(nimble swimmer 1), tentacles
a: no special abilities


You were on level 4 of the Dungeon.
You visited 1 branch of the dungeon, and saw 4 of its levels.

You collected 15 gold pieces.

Inventory:

Hand Weapons
 a - a +0 war axe (weapon)
Missiles
 g - 13 poisoned darts (quivered)
Armour
 b - a +0 kite shield (worn)
Scrolls
 d - 2 scrolls of identify {unknown}
 h - a scroll of magic mapping {unknown}
Potions
 c - a potion of might
 e - a potion of brilliance {unknown}
 f - a potion of cancellation {unknown}


   Skills:
 - Level 3.0 Fighting
 - Level 2.0 Axes
 * Level 2.0 Throwing
 - Level 3.0 Dodging
 - Level 3.0 Shields


You had one spell level left.
You didn't know any spells.
Your spell library was empty.

Dungeon Overview and Level Annotations

Branches:
Dungeon (4/15)
 Temple: D:4-7

Altars:
The Shining One


Innate Abilities, Weirdness & Mutations

You cannot wear most types of armour.
You are amphibious.
You can wear up to eight rings at the same time.
Your skin changes colour to match your surroundings (Stealth+).
Your rubbery body absorbs attacks. (AC +1, EV +1)
((You are camouflaged near water. (Stealth+)))
You have tentacles for arms and can constrict up to eight enemies at once.


Message History

An endoplasm is nearby!
The endoplasm quivers.
You hit the endoplasm.
You kill the endoplasm!
Found a stone staircase leading down.
No target in view!
A worm comes into view.
A rat comes into view.
The helpless worm fails to defend itself.
You hit the worm. You grab the worm.
The worm is lightly wounded.
You constrict the worm. You block the worm's attack.
You hit the worm but do no damage.
The worm is moderately wounded.
You constrict the worm. The worm bites you. You block the rat's attack.
You slash the worm! You squeeze the worm.
You kill the worm!
You barely miss the rat. You block the rat's attack. The rat bites you.
Your Throwing skill increases to level 2!
You hit the rat.
You kill the rat!
No target in view!
No target in view!
There is a stone staircase leading down here.
You climb downwards.
An orc comes into view. It is wielding a +0 club.
The orc shouts!
You hear a shout!
Found 2 boomerangs and 12 stones.
Found a stone staircase leading down.
There is a stone staircase leading up here.
An orc priest comes into view. It is wielding a +0 war axe.
The orc priest shouts!
An orc comes into view.
It is wielding a +0 flail of protection.
The orc priest mumbles some strange prayers to Beogh against you.
Beogh smites you!
Ouch! That really hurt!
You hear an angry hiss.
The orc priest invokes the aid of Beogh against you.
Beogh smites you!
Ouch! That really hurt!
You die...

#... . #.. ##
#.#.. .# .#.###..#
### ....#..#
..(..###...#..#
#.....<......#
##....#......#
#....#.@....#
..........o...#
.....^.#..........
....>..##.#.......
..###.. ###o(o....
## #.⌠ #...... #
...... ......


You could see an orc priest and 2 orcs.

Vanquished Creatures
  2 worms (D:3)
  3 orcs (D:3)
  2 endoplasms
  A rat (D:3)
8 creatures vanquished.

Notes
Turn   | Place    | Note
-------+----------+-------------------------------------------
     0 | D:1      | Zeld the Octopode Fighter began the quest for the Orb.
     0 | D:1      | Reached XP level 1. HP: 16/16 MP: 1/1
   293 | D:3      | Found a glowing golden altar of the Shining One.
   318 | D:3      | Reached skill level 1 in Throwing
   319 | D:3      | Reached XP level 2. HP: 15/21 MP: 2/2
   440 | D:4      | Killed from afar by an orc priest

Illustrated notes

Levels and vault maps discovered:
D:1:      mrwooster_arrival_statue_2, layout_loops_cross,
          shapermc_ecumenical_altar_flowoftime
D:2:      layout_basic, serial_shops, nicolae_shop_stone,
          kennysheep_generic_room_3
D:3:      layout_basic, old_standard_altar, gammafunk_ghost_stat_death,
          minmay_misc_feat_doors
D:4:      cheibrodos_thug_alley, layout_cave_pools,
          minmay_temple_entry_junction, kennysheep_minor_cross, uniq_eustachio,
          uniq_pikel

Skill      XL: |  1  2 |
---------------+-------+-----
Throwing       | 1 2 |  2.0
Fighting       | |  3.0
Axes           | |  2.0
Dodging        | |  3.0
Shields        | |  3.0

Action                   || total
-------------------------++-------
Melee: War axe           ||    15
       Tentacles         ||     4
       Constrict         ||     2
 Stab: Sleeping          ||     1
Dodge: Dodged            ||     2
Block: Kite shield       ||     6

Table legend: (Time is in decaauts)
 A = Elapsed time spent in this place.
 B = Non-inter-level travel time spent in this place.
 C = Inter-level travel time spent in this place.
 D = Time resting spent in this place.
 E = Time spent auto-exploring this place.
 F = Levels seen in this place.
 G = Mean time per level.
                   A        B        C        D        E       F      G
               +--------+--------+--------+--------+--------+-----+--------+
         Total |    448 |    435 |     13 |      0 |    332 |   4 |  112.0 |
       Dungeon |    448 |    435 |     13 |      0 |    332 |   4 |  112.0 |
               +--------+--------+--------+--------+--------+-----+--------+

Top non-repeatable levels by time:
     D:1: 235 daAuts
     D:3: 166 daAuts
     D:2: 43 daAuts
     D:4: 3 daAuts
